A+ CENTRAL
LAKE COUNTY CAPTAINS @ FORT WAYNE TINCAPS
08/06/2041
 
TOP OF THE 1ST
Lake County Captains batting - Pitching for Fort Wayne TinCaps : LHP Jeremiah Rodríguez
Pitching: LHP Jeremiah Rodríguez
Batting: SHB Jerry Garcia 0-0: Foul Ball, location: 23F
0-1: Foul Ball, location: 2F
0-2: Ground out 4-3 (Groundball, 4, EV 110.6 MPH)
Batting: RHB Albert Rocha 0-0: Called Strike
0-1: Ball
1-1: Ball
2-1: SINGLE (Line Drive, 7LM, EV 98.1 MPH)
Batting: RHB Doug Black 0-0: Ground out U3 (Groundball, 34S, EV 61.3 MPH)
Albert Rocha to second
Batting: LHB Ignacio Hernández 0-0: Swinging Strike
0-1: Foul Ball, location: 2F
0-2: Strikes out looking
Top of the 1st over - 0 runs, 1 hit, 0 errors, 1 left on base; Lake County 0 - Fort Wayne 0
BOTTOM OF THE 1ST
Fort Wayne TinCaps batting - Pitching for Lake County Captains : LHP Chris Kenney
Pitching: LHP Chris Kenney
Batting: RHB Orlando Hernández 0-0: Foul Ball, location: 2F
0-1: Ball
1-1: Called Strike
1-2: Ball
2-2: Ball
3-2: Strikes out swinging
Batting: RHB Peder Fenger 0-0: Fly out, F6 (Line Drive, 56D, EV 63.8 MPH)
Batting: LHB Edwin Curtis 0-0: Called Strike
0-1: Foul Ball, location: 2F
0-2: Ball
1-2: Fly out, F8 (Line Drive, 8RD, EV 88.1 MPH)
Bottom of the 1st over - 0 runs, 0 hits, 0 errors, 0 left on base; Lake County 0 - Fort Wayne 0
TOP OF THE 2ND
Lake County Captains batting - Pitching for Fort Wayne TinCaps : LHP Jeremiah Rodríguez
Batting: RHB Dan White 0-0: Ball
1-0: Foul Ball, location: 2F
1-1: Swinging Strike
1-2: Fly out, F6 (Line Drive, 6, EV 70.6 MPH)
Batting: RHB António Trujillo 0-0: Ball
1-0: Ball
2-0: Ball
3-0: Foul Ball, location: 2F
3-1: Base on Balls
Batting: RHB José González 0-0: Ball
1-0: Swinging Strike
1-1: Ball
2-1: Ball
3-1: Called Strike
3-2: Base on Balls
António Trujillo to second
Batting: RHB Eric Sanford 0-0: Ball
1-0: Ball
2-0: Called Strike
2-1: Ball
3-1: Base on Balls
António Trujillo to third
José González to second
Batting: RHB Randy Burke 0-0: Ball
1-0: Foul Ball, location: 2F
1-1: Ball
2-1: Foul Ball, location: 25FF
2-2: Strikes out swinging
Batting: SHB Jerry Garcia 0-0: Ball
1-0: Ball
2-0: Foul Ball, location: 3DF
2-1: Swinging Strike
2-2: Foul Ball, location: 2F
2-2: Foul Ball, location: 2F
2-2: Ground out 4-3 (Groundball, 13, EV 80.6 MPH)
Top of the 2nd over - 0 runs, 0 hits, 0 errors, 3 left on base; Lake County 0 - Fort Wayne 0
BOTTOM OF THE 2ND
Fort Wayne TinCaps batting - Pitching for Lake County Captains : LHP Chris Kenney
Batting: RHB Kuan-tai Xian 0-0: Called Strike
0-1: Ball
1-1: Foul Ball, location: 9LMF
1-2: Ball
2-2: Foul Ball, location: 3FF
2-2: Fly out, F9 (Flyball, 9D, EV 95.0 MPH)
Batting: RHB Anastasio Zambrano 0-0: Swinging Strike
0-1: Ball
1-1: Called Strike
1-2: Fly out, F9 (Flyball, 9S, EV 81.3 MPH)
Batting: SHB Bob Weaver 0-0: Ball
1-0: Foul Ball, location: 9LMF
1-1: Ground out 5-3 (Groundball, 56S, EV 71.9 MPH)
Bottom of the 2nd over - 0 runs, 0 hits, 0 errors, 0 left on base; Lake County 0 - Fort Wayne 0
TOP OF THE 3RD
Lake County Captains batting - Pitching for Fort Wayne TinCaps : LHP Jeremiah Rodríguez
Batting: RHB Albert Rocha 0-0: Called Strike
0-1: Ground out 1-3 (Groundball, P, EV 71.3 MPH)
Batting: RHB Doug Black 0-0: SINGLE (Flyball, 3D, EV 83.8 MPH)
Batting: LHB Ignacio Hernández 0-0: Foul Ball, location: 2LF
0-1: Grounds into double play, 4-6-3 (Groundball, 34S, EV 80.6 MPH)
Top of the 3rd over - 0 runs, 1 hit, 0 errors, 0 left on base; Lake County 0 - Fort Wayne 0
BOTTOM OF THE 3RD
Fort Wayne TinCaps batting - Pitching for Lake County Captains : LHP Chris Kenney
Batting: RHB Víctor Árias 0-0: DOUBLE (Flyball, 78D, EV 106.9 MPH)
Batting: RHB Joe King 0-0: Called Strike
0-1: Ball
1-1: Swinging Strike
1-2: SINGLE (Flyball, 89M, EV 80.0 MPH)
Víctor Árias to third
Batting: RHB Sergio Bautista 0-0: Called Strike
0-1: Foul Ball, location: 2RF
0-2: Ball
Wild Pitch!
Víctor Árias scores
Joe King to second
1-2: Foul Ball, location: 5F
1-2: DOUBLE (Line Drive, 89D, EV 105.0 MPH)
Joe King scores
Batting: RHB Orlando Hernández 0-0: Sac Bunt to 25 - play at first, batter OUT! 5-3
Sergio Bautista to third
Batting: RHB Peder Fenger 0-0: Ball
1-0: Foul Ball, location: 9LDF
1-1: Ball
2-1: DOUBLE (Line Drive, 7LM, EV 108.8 MPH)
Sergio Bautista scores
Batting: LHB Edwin Curtis 0-0: Fly out, F9 (Flyball, 89S, EV 93.1 MPH)
Batting: RHB Kuan-tai Xian 0-0: Ball
1-0: Ball
2-0: Called Strike
2-1: Fly out, F8 (Flyball, 89M, EV 91.9 MPH)
Bottom of the 3rd over - 3 runs, 4 hits, 0 errors, 1 left on base; Lake County 0 - Fort Wayne 3
TOP OF THE 4TH
Lake County Captains batting - Pitching for Fort Wayne TinCaps : LHP Jeremiah Rodríguez
Batting: RHB Dan White 0-0: Called Strike
0-1: Ball
1-1: Foul Ball, location: 25F
1-2: Foul Ball, location: 7LSF
1-2: SINGLE (Line Drive, 4MD, EV 98.8 MPH)
Batting: RHB António Trujillo 0-0: Swinging Strike
0-1: Sac Bunt to 23 - play at first, batter OUT! 3-4
Dan White to second
Batting: RHB José González 0-0: Swinging Strike
0-1: Foul Ball, location: 9LSF
0-2: Ball
1-2: Ground out 6-3 (Groundball, 6, EV 103.8 MPH)
Batting: RHB Eric Sanford 0-0: Swinging Strike
0-1: Foul Ball, location: 2F
0-2: Ball
1-2: Ground out 6-3 (Groundball, 6, EV 80.6 MPH)
Top of the 4th over - 0 runs, 1 hit, 0 errors, 1 left on base; Lake County 0 - Fort Wayne 3
BOTTOM OF THE 4TH
Fort Wayne TinCaps batting - Pitching for Lake County Captains : LHP Chris Kenney
Batting: RHB Anastasio Zambrano 0-0: Ball
1-0: Fly out, F4 (Popup, 4MD, EV 55.0 MPH)
Batting: SHB Bob Weaver 0-0: Ball
1-0: DOUBLE (Line Drive, 89D, EV 105.0 MPH)
Batting: RHB Víctor Árias 0-0: Foul Ball, location: 3FF
0-1: Foul Ball, location: 23FF
0-2: Ball
1-2: Foul Ball, location: 9LMF
1-2: Strikes out swinging
Batting: RHB Joe King 0-0: Swinging Strike
0-1: Ball
1-1: Fly out, F8 (Line Drive, 8RD, EV 90.0 MPH)
Bottom of the 4th over - 0 runs, 1 hit, 0 errors, 1 left on base; Lake County 0 - Fort Wayne 3
TOP OF THE 5TH
Lake County Captains batting - Pitching for Fort Wayne TinCaps : LHP Jeremiah Rodríguez
Batting: RHB Randy Burke 0-0: Ball
1-0: Foul Ball, location: 9LSF
1-1: Ball
2-1: Foul Ball, location: 5FF
2-2: Strikes out swinging
Batting: SHB Jerry Garcia 0-0: Ball
1-0: TRIPLE (Line Drive, 89XD, EV 105.0 MPH)
Batting: RHB Albert Rocha 0-0: Ball
1-0: SINGLE (Line Drive, 8RS, EV 91.9 MPH)
Jerry Garcia scores
Batting: RHB Doug Black 0-0: Ground out 4-3 (Groundball, 34, EV 106.9 MPH)
Albert Rocha to second
Batting: LHB Ignacio Hernández 0-0: Ball
1-0: Ground out 3-1 (Groundball, 34, EV 100.0 MPH)
Top of the 5th over - 1 run, 2 hits, 0 errors, 1 left on base; Lake County 1 - Fort Wayne 3
BOTTOM OF THE 5TH
Fort Wayne TinCaps batting - Pitching for Lake County Captains : LHP Chris Kenney
Batting: RHB Sergio Bautista 0-0: Fly out, F7 (Flyball, 78D, EV 105.6 MPH)
Batting: RHB Orlando Hernández 0-0: Called Strike
0-1: Fly out, F8 (Flyball, 8LM, EV 90.0 MPH)
Batting: RHB Peder Fenger 0-0: Ball
1-0: Called Strike
1-1: Swinging Strike
1-2: Fly out, F9 (Flyball, 9, EV 85.6 MPH)
Bottom of the 5th over - 0 runs, 0 hits, 0 errors, 0 left on base; Lake County 1 - Fort Wayne 3
TOP OF THE 6TH
Lake County Captains batting - Pitching for Fort Wayne TinCaps : LHP Jeremiah Rodríguez
Batting: RHB Dan White 0-0: Foul Ball, location: 9LSF
0-1: Foul Ball, location: 2F
0-2: Strikes out swinging
Batting: RHB António Trujillo 0-0: Ball
1-0: Ground out 6-3 (Groundball, 6, EV 88.1 MPH)
Batting: RHB José González 0-0: Ball
1-0: Fly out, F8 (Line Drive, 8LD, EV 92.5 MPH)
Top of the 6th over - 0 runs, 0 hits, 0 errors, 0 left on base; Lake County 1 - Fort Wayne 3
BOTTOM OF THE 6TH
Fort Wayne TinCaps batting - Pitching for Lake County Captains : LHP Chris Kenney
Batting: LHB Edwin Curtis 0-0: Ball
1-0: Foul Ball, location: 7LSF
1-1: Ground out 4-3 (Groundball, 4, EV 90.6 MPH)
Batting: RHB Kuan-tai Xian 0-0: Called Strike
0-1: Called Strike
0-2: SINGLE (Line Drive, 78S, EV 91.9 MPH)
Batting: RHB Anastasio Zambrano 0-0: Ball
1-0: Ball
Passed Ball!
Kuan-tai Xian to second
2-0: Ball
3-0: Base on Balls
Batting: SHB Bob Weaver 0-0: Grounds out, U3 (Groundball, 3L, EV 80.6 MPH)
Kuan-tai Xian to third
Batting: RHB Víctor Árias 0-0: Ground out 6-3 (Groundball, 6, EV 90.6 MPH)
Bottom of the 6th over - 0 runs, 1 hit, 0 errors, 2 left on base; Lake County 1 - Fort Wayne 3
TOP OF THE 7TH
Lake County Captains batting - Pitching for Fort Wayne TinCaps : LHP Jeremiah Rodríguez
Pitching: LHP Alvin Weaver
Batting: RHB Eric Sanford 0-0: Ball
1-0: Ground out 1-3 (Groundball, 13S, EV 66.9 MPH)
Batting: RHB Randy Burke 0-0: Fly out, F9 (Line Drive, 9D, EV 94.4 MPH)
Batting: SHB Jerry Garcia 0-0: Ball
1-0: Called Strike
1-1: Called Strike
1-2: Strikes out swinging
Top of the 7th over - 0 runs, 0 hits, 0 errors, 0 left on base; Lake County 1 - Fort Wayne 3
BOTTOM OF THE 7TH
Fort Wayne TinCaps batting - Pitching for Lake County Captains : LHP Chris Kenney
Batting: RHB Joe King 0-0: Ball
1-0: Ball
2-0: Swinging Strike
2-1: Foul Ball, location: 3F
2-2: Ball
3-2: Base on Balls
Pitching: LHP Joe Joseph
Batting: RHB Sergio Bautista 0-0: Bunted foul
0-1: Sac Bunt to 15S - play at second, runner OUT! 1-6
Batting: RHB Orlando Hernández 0-0: Ball
Sergio Bautista is caught stealing 2nd base 2-4
1-0: Ball
2-0: Ball
3-0: Base on Balls
Batting: RHB Peder Fenger 0-0: Ground out 6-3 (Groundball, 6MS, EV 89.4 MPH)
Bottom of the 7th over - 0 runs, 0 hits, 0 errors, 1 left on base; Lake County 1 - Fort Wayne 3
TOP OF THE 8TH
Lake County Captains batting - Pitching for Fort Wayne TinCaps : LHP Alvin Weaver
Batting: RHB Albert Rocha 0-0: Called Strike
0-1: Ball
1-1: Ball
2-1: Foul Ball, location: 5DF
2-2: Ball
3-2: Base on Balls
Batting: RHB Doug Black 0-0: Ball
1-0: Called Strike
1-1: Called Strike
1-2: Ball
2-2: Foul Ball, location: 25FF
2-2: Strikes out swinging
Pinch Hitting: RHB Erik Murphy 0-0: Ball
1-0: Called Strike
1-1: SINGLE (Line Drive, 9S, EV 108.1 MPH)
Albert Rocha to second
Batting: RHB Dan White 0-0: Called Strike
0-1: Ball
1-1: Called Strike
1-2: Ball
2-2: Foul Ball, location: 9LSF
2-2: Foul Ball, location: 9LDF
2-2: Ball
3-2: Base on Balls
Albert Rocha to third
Erik Murphy to second
Batting: RHB António Trujillo 0-0: Ball
1-0: DOUBLE (Line Drive, 89D, EV 111.9 MPH)
Albert Rocha scores
Erik Murphy scores
Dan White to third
Runner from 3rd tries for Home, SAFE, throw by CF to home
Pitching: RHP Jerry Myers
Pinch Hitting: LHB Nate Wise 0-0: Ball
1-0: Ball
2-0: Ball
3-0: Called Strike
3-1: Foul Ball, location: 2F
3-2: Strikes out looking
Pinch Hitting: LHB Bobby Powell 0-0: Ball
1-0: Called Strike
1-1: Ball
2-1: SINGLE (Groundball, 4MD, EV 101.9 MPH)
António Trujillo to third
Runner from 3rd tries for Home, throw by CF and OUT! 8-2
Top of the 8th over - 3 runs, 3 hits, 0 errors, 1 left on base; Lake County 4 - Fort Wayne 3
BOTTOM OF THE 8TH
Fort Wayne TinCaps batting - Pitching for Lake County Captains : LHP Joe Joseph
Now at C: Alex Black
Now at SS: Rob Furzer
Now in RF: Dan Graham
Batting: RHB Raúl García 0-0: Called Strike
0-1: Ball
1-1: Foul Ball, location: 9LDF
1-2: SOLO HOME RUN (Flyball, 9D, EV 98.1 MPH), Distance : 392 ft
Batting: RHB Kuan-tai Xian 0-0: Ball
1-0: Foul Ball, location: 7LSF
1-1: Ground out U3 (Groundball, 34, EV 92.5 MPH)
Batting: RHB Anastasio Zambrano 0-0: Called Strike
0-1: Ball
1-1: Ball
2-1: Swinging Strike
2-2: Ball
3-2: Base on Balls
Batting: SHB Bob Weaver 0-0: Grounds into double play, 6-4-3 (Groundball, 6, EV 80.0 MPH)
Bottom of the 8th over - 1 run, 1 hit, 0 errors, 0 left on base; Lake County 4 - Fort Wayne 4
TOP OF THE 9TH
Lake County Captains batting - Pitching for Fort Wayne TinCaps : RHP Jerry Myers
Pinch Hitting: LHB Adrián Cruz 0-0: Ball
1-0: Ball
2-0: Ball
3-0: Base on Balls
Batting: SHB Jerry Garcia 0-0: Bunted foul
0-1: Ball
1-1: Sac Bunt to P - play at first, batter OUT! 1-3
Adrián Cruz to second
Batting: RHB Albert Rocha 0-0: Fly out, F7 (Line Drive, 78M, EV 87.5 MPH)
Batting: RHB Doug Black 0-0: Intentional Walk
Pinch Hitting: LHB Tim Elliott 0-0: Ball
1-0: Swinging Strike
1-1: Swinging Strike
1-2: Strikes out swinging
Top of the 9th over - 0 runs, 0 hits, 0 errors, 2 left on base; Lake County 4 - Fort Wayne 4
BOTTOM OF THE 9TH
Fort Wayne TinCaps batting - Pitching for Lake County Captains : LHP Joe Joseph
Pitching: RHP Dave Rentería
Now at SS: Jim Hannah
Now in CF: Dan Graham
Now in RF: Tim Elliott
Pinch Hitting: RHB Walt Stewart 0-0: Ball
1-0: SOLO HOME RUN (Flyball, 8LXD, EV 97.5 MPH), Distance : 406 ft
Bottom of the 9th over - 1 run, 1 hit, 0 errors, 0 left on base; Lake County 4 - Fort Wayne 5
Monday, April 1st , 2024 - OOTP Baseball 24.10 Build 82